Map: Station Proxima EC

Players

zidar

  • Race: Zerg Zerg
  • League: Gold
  • Spawn Location: 1:00

BegemS - Winner!

  • Race: Protoss Protoss
  • League: Gold
  • Spawn Location: 7:00

VOD

Have the link to the VOD?

Description

Time

  • Played on: June 27, 2017, 12:18 p.m.
  • Length: 9:48
Show
View Real Time Build Order
Export as new Build Order

zidar Zerg 

Build Orders: Hatch First 

Get SALT Encoding   

  12  0:01  Drone  
  13  0:12  Overlord  
  13  0:18  Drone  
  14  0:31  Drone x2  
  16  0:51  Hatchery  
  16  0:53  Drone  
  16  1:04  Extractor, Drone x2  
  17  1:21  Spawning Pool  
  16  1:31  Drone  
  16  1:32  Drone  
  18  1:33  Drone  
  19  2:09  Queen  
  19  2:10  Queen  
  19  2:12  Zergling x4  
  19  2:14  Zergling x2  
  26  2:20  Drone  
  27  2:33  Roach Warren  
  26  2:40  Drone x2  
  26  2:43  Overlord  
  28  2:59  Lair  
  28  3:02  Extractor  
  27  3:11  Drone x4  
  30  3:20  Pneumatized Carapace  
  30  3:37  Drone x2  
  30  3:39  Hatchery, Drone  
  32  3:58  Glial Reconstitution  
  32  4:05  Hydralisk Den  
  32  4:07  Roach  
  33  4:13  Extractor  
  33  4:16  Extractor  
  31  4:20  Drone x5  
  31  4:23  Overlord  
  31  4:24  Overlord  
  36  4:25  Overlord  
  32  5:07  Muscular Augments  
  32  5:11  Roach  
  34  5:53  Roach x11  
  56  6:00  Overlord x3  
  56  6:18  Queen  
  56  6:24  Hydralisk  
  56  6:25  Hydralisk x2  
  64  6:28  Hydralisk  
  66  6:33  Drone  
  67  6:46  Drone x3  
  70  7:02  Hydralisk x2  
  64  7:49  Hydralisk x6  
  76  8:08  Hydralisk x2  
  76  8:10  Hydralisk  
Show
View Real Time Build Order
Export as new Build Order

BegemS Protoss - Winner!

Build Orders: 1 Gate Expand 

Get SALT Encoding   

  12  0:02  Probe (Chrono Boost)  
  13  0:12  Probe (Chrono Boost)  
  14  0:22  Pylon  
  14  0:23  Probe (Chrono Boost)  
  15  0:40  Probe (Chrono Boost)  
  16  0:47  Gateway  
  16  0:51  Probe (Chrono Boost)  
  17  1:01  Probe (Chrono Boost)  
  18  1:12  Probe (Chrono Boost)  
  19  1:23  Nexus  
  20  1:33  Probe (Chrono Boost)  
  20  1:42  Cybernetics Core  
  20  1:45  Pylon  
  20  1:49  Assimilator  
  20  1:53  Assimilator  
  20  1:56  Probe (Chrono Boost)  
  21  2:06  Probe (Chrono Boost)  
  22  2:17  Probe (Chrono Boost)  
  23  2:27  Probe (Chrono Boost)  
  23  2:28  Adept (Chrono Boost)  
  26  2:34  Probe (Chrono Boost)  
  27  2:38  Probe (Chrono Boost)  
  27  2:43  Probe  
  28  2:49  Probe  
  30  2:51  Gateway  
  30  2:54  Probe  
  30  2:56  Gateway  
  31  3:04  Probe  
  31  3:07  Pylon  
  31  3:08  Adept (Chrono Boost)  
  34  3:15  Probe  
  35  3:22  Forge  
  35  3:24  Warp Gate  
  35  3:25  Probe  
  35  3:29  Probe  
  37  3:35  Pylon  
  37  3:36  Probe  
  37  3:38  Adept (Chrono Boost)  
  40  3:47  Probe  
  41  3:54  Adept x2 (Chrono Boost)  
  45  4:01  Adept (Chrono Boost)  
  47  4:05  Protoss Ground Weapons Level 1 (Chrono Boost)  
  47  4:13  Robotics Facility  
  47  4:18  Stargate  
  47  4:19  Adept  
  47  4:20  Adept  
  51  4:24  Pylon  
  51  4:25  Mothership Core  
  51  4:52  Stalker x2  
  53  5:02  Immortal  
  53  5:06  Assimilator  
  53  5:07  Probe  
  57  5:08  Assimilator  
  57  5:11  Pylon  
  58  5:15  Probe  
  58  5:17  Probe, Pylon  
  60  5:27  Probe  
  60  5:28  Probe, Phoenix  
  64  5:38  Adept x3, Probe  
  64  5:39  Probe  
  72  5:47  Twilight Council  
  72  5:52  Protoss Ground Armor Level 1 (Chrono Boost)  
  72  6:15  Adept x3  
  72  6:18  Nexus  
  78  6:21  Pylon  
  78  6:23  Pylon  
  78  6:26  Probe  
  78  6:32  Immortal  
  83  6:38  Probe, Resonating Glaives (Chrono Boost)  
  84  6:56  Gateway  
  84  6:59  Gateway  
  84  7:03  Gateway  
  84  7:09  Probe, Pylon  
  84  7:14  Probe  
  86  7:22  Probe  
  85  7:26  Probe  
  80  7:34  Probe  
  77  7:38  Probe  
  68  7:46  Probe  
  68  7:50  Probe  
  70  7:55  Stalker x4  
  70  7:56  Stalker  
  70  7:58  Probe  
  79  8:02  Probe  
  79  8:03  Stalker  
  82  8:06  Immortal  
  86  8:14  Assimilator  
  86  8:18  Assimilator  
  86  8:19  Stalker x4  
  94  8:20  Stalker  
  94  8:23  Probe  
  97  8:34  Probe  
  98  8:44  Probe  
  98  8:45  Immortal  
  103  8:55  Probe  
  103  8:57  Stalker x3  
  103  8:58  Stalker  
  103  8:59  Stalker x2  
  116  9:06  Probe  
  103  9:33  Stalker x6  
Tags
 
Add a new tag
Caveats
  • Supply blocks, unpowered buildings, or Contaminate may cause inaccurate times.
  • Supply counts are checked every 10 seconds.